 Dungeon Crawl Stone Soup version 0.31-a0-236-g9a0961fb85 (webtiles) character file.

Game seed: 16893870633203115279

203183 arthad the Warrior (level 18, -2/131 HPs)
             Began as a Gargoyle Fighter on July 10, 2023.
             Was the Champion of Okawaru.
             Slain by Aizul (6 damage)
             ... on level 1 of the Snake Pit on July 11, 2023.
             The game lasted 01:26:13 (33425 turns).

arthad the Warrior (Gargoyle Fighter)              Turns: 33425, Time: 01:26:14

Health: -2/131     AC: 42    Str: 29    XL:     18   Next: 60%
Magic:  1/9        EV: 17    Int: 15    God:    Okawaru [******]
Gold:   2933       SH: 13    Dex: 11    Spells: 13/17 levels left

rFire   . . .        W - +5 demon whip "Spellbinder" {antimagic, disrupt, Will+}
rCold   . . .        x - +0 kite shield {reflect}
rNeg    + + .        I - +6 chain mail of Lethargy {rPois rCorr}
rPois   ∞            c - +2 hat of the Enchanted Forest {rN+ Regen+ Stlth+}
rElec   +            Z - +0 cloak {rC+}
rCorr   +            z - +0 pair of gloves {infuse}
SInv    .            n - +2 pair of boots "Daoga" {Int+2}
Will    ++...        w - amulet of regeneration Stlth
                     F - ring of Reimbursement {rC- Int+5 Dex+2 Slay+4}
HPRegen 2.01/turn    l - +5 ring of evasion
MPRegen 0.11/turn

%: reflection, infuse magic (1 MP)
@: about to teleport, flying, studying Dodging
A: sickness immunity, AC +13, big wings, negative energy resistance 1,
electricity resistance, torment resistance 1, petrification resistance
}: 1/15 runes: barnacled
a: Renounce Religion, Heroism, Finesse, Duel


You were on level 1 of the Snake Pit.
You worshipped Okawaru.
Okawaru was exalted by your worship.
You visited 6 branches of the dungeon, and saw 28 of its levels.
You also visited: Ossuary and Ice Cave.

You collected 4576 gold pieces.
You spent 1643 gold pieces at shops.

Inventory:

Hand Weapons
 C - the +6 shortbow "Jopioph" {drain, rElec rF- Stlth+}
   (You found it on level 14 of the Dungeon)

   rF:        It makes you vulnerable to fire.
   rElec:     It insulates you from electricity.
   Stlth:     It makes you more stealthy.
 Q - the +5 sling of the Lame Duck {elec, rPois rC+ Str+3}
   (You found it on level 2 of the Lair of Beasts)

   Str:       It affects your strength (+3).
   rC:        It protects you from cold.
   rPois:     It protects you from poison.
 V - the +5 morningstar of Luxury {holy, Will++}
   (Okawaru gifted it to you on level 4 of the Lair of Beasts)

   Will:      It greatly increases your willpower.
 W - the +5 demon whip "Spellbinder" (weapon) {antimagic, disrupt, Will+}
   (You acquired it on level 7 of the Dungeon)

   Will:      It increases your willpower.
 Y - the +10 eveningstar "Dazu" {heavy, rN++ Int-4}
   (Okawaru gifted it to you on level 3 of the Shoals)

   Int:       It affects your intelligence (-4).
   rN:        It greatly protects you from negative energy.
Missiles
 G - 13 poisoned darts (quivered)
Armour
 c - the +2 hat of the Enchanted Forest (worn) {rN+ Regen+ Stlth+}
   (Okawaru gifted it to you on level 15 of the Dungeon)

   rN:        It protects you from negative energy.
   Regen:     It increases your rate of health regeneration.
   Stlth:     It makes you more stealthy.
 n - the +2 pair of boots "Daoga" (worn) {Int+2}
   (Okawaru gifted it to you on level 14 of the Dungeon)

   Int:       It affects your intelligence (+2).
 x - a +0 kite shield of reflection (worn)
 z - a +0 pair of gloves of infusion (worn)
 D - the +13 crystal plate armour of Cocytus {rF+ rC- rCorr Str+2}
   (Okawaru gifted it to you on level 1 of the Snake Pit)

   Str:       It affects your strength (+2).
   rF:        It protects you from fire.
   rC:        It makes you vulnerable to cold.
   rCorr:     It protects you from acid and corrosion.
 I - the +6 chain mail of Lethargy (worn) {rPois rCorr}
   (You bought it in a shop on level 7 of the Dungeon)

   rPois:     It protects you from poison.
   rCorr:     It protects you from acid and corrosion.
 Z - a +0 cloak of cold resistance (worn)
Jewellery
 h - a ring of Qamam {rN+ Will+ Int+3}
   (You found it in an ice cave)

   [ring of positive energy]

   Int:       It affects your intelligence (+3).
   rN:        It protects you from negative energy.
   Will:      It increases your willpower.
 l - a +5 ring of evasion (right hand)
 w - an amulet of regeneration (around neck)
 F - the ring of Reimbursement (left hand) {rC- Int+5 Dex+2 Slay+4}
   (You found it on level 6 of the Dungeon)

   [ring of slaying]

   Int:       It affects your intelligence (+5).
   Dex:       It affects your dexterity (+2).
   Slay:      It affects your accuracy & damage with ranged weapons and melee
   (+4).
   rC:        It makes you vulnerable to cold.
Wands
 f - a wand of mindburst (13)
 r - a wand of flame (71)
 v - a wand of polymorph (15)
 E - a wand of roots (8)
 O - a wand of light (11)
Scrolls
 a - 2 scrolls of revelation
 b - 4 scrolls of teleportation
 j - 10 scrolls of identify
 k - a scroll of torment
 o - 6 scrolls of immolation
 y - 7 scrolls of blinking
 A - a scroll of fear
 H - a scroll of silence
 J - 3 scrolls of enchant weapon
 L - 3 scrolls of amnesia
 M - 3 scrolls of fog
 S - 3 scrolls of vulnerability
 U - 5 scrolls of poison
 X - 3 scrolls of enchant armour
Potions
 e - 5 potions of brilliance
 i - 4 potions of haste
 m - 5 potions of ambrosia
 p - 12 potions of curing
 s - 4 potions of enlightenment
 t - 4 potions of heal wounds
 u - 2 potions of magic
 B - 2 potions of resistance
 K - a potion of cancellation
 N - 4 potions of lignification
 R - 5 potions of might
 T - 2 potions of invisibility
Miscellaneous
 d - a lightning rod (4/4)
 g - a condenser vane
 q - a sack of spiders
 P - a phial of floods


   Skills:
 * Level 20.7 Fighting
 + Level 12.7 Maces & Flails
 + Level 15.5 Armour
 + Level 10.2 Dodging
 + Level 15.2 Shields
 + Level 12.8 Invocations


You had 13 spell levels left.
You knew the following spells:

 Your Spells              Type           Power      Damage    Failure   Level
a - Blink                 Tloc           0%         N/A       85%         2
b - Momentum Strike       Conj/Tloc      0%         3d8       85%         2

Your spell library contained the following spells:

 Spells                   Type           Power      Damage    Failure   Level
 Freeze                   Ice            0%         1d3       71%         1
 Kiss of Death            Conj/Necr      0%         2d5       71%         1
 Magic Dart               Conj           0%         1d3       71%         1
 Sandblast                Erth           0%         2d4       71%         1
 Lesser Beckoning         Tloc           0%         N/A       85%         2
 Passwall                 Tmut/Erth      0%         N/A       85%         2
 Searing Ray              Conj           0%         2d4       85%         2
 Confusing Touch          Hex            0%         N/A       97%         3
 Frozen Ramparts          Ice            0%         1d1       97%         3
 Gell's Gravitas          Tloc           0%         N/A       97%         3
 Hailstorm                Conj/Ice       0%         3d3       97%         3
 Ignite Poison            Fire/Tmut/Pois 0%         N/A       97%         3
 Inner Flame              Hex/Fire       0%         N/A       97%         3
 Portal Projectile        Hex/Tloc       0%         N/A       97%         3
 Stone Arrow              Conj/Erth      0%         3d7       97%         3
 Teleport Other           Tloc           0%         N/A       97%         3
 Vampiric Draining        Necr           0%         2d6       97%         3
 Dispel Undead            Necr           0%         3d6       100%        4
 Flame Wave               Conj/Fire      0%         2d4       100%        4
 Fulminant Prism          Conj/Hex       0%         3d5       100%        4
 Ice Form                 Ice/Tmut       0%         N/A       100%        4
 Leda's Liquefaction      Hex/Erth       0%         N/A       100%        4
 Petrify                  Tmut/Erth      0%         N/A       100%        4
 Sticky Flame             Conj/Fire      0%         2d3       100%        4
 Irradiate                Conj/Tmut      0%         3d11      100%        5
 Lee's Rapid Deconstruct  Erth           0%         3d4*      100%        5
 Metabolic Englaciation   Hex/Ice        0%         N/A       100%        5
 Yara's Violent Unravell  Hex/Tmut       0%         3d3       100%        5
 Dispersal                Tloc           0%         N/A       100%        6
 Leda's Unmaking          Conj/Erth      0%         9d1       100%        6
 Enfeeble                 Hex            0%         N/A       100%        7
 Ignition                 Fire           0%         3d3       100%        8
 Lehudib's Crystal Spear  Conj/Erth      0%         10d2      100%        8
 Cigotuvi's Dreadful Rot  Necr/Pois/Air  Unusable   N/A       N/A         2
 Sublimation of Blood     Necr           Unusable   N/A       N/A         2
 Animate Armour           Summ/Erth      Unusable   N/A       N/A         4
 Summon Ice Beast         Ice/Summ       Unusable   N/A       N/A         4
 Death Channel            Necr           Unusable   N/A       N/A         6
 Statue Form              Tmut/Erth      Unusable   N/A       N/A         6

Dungeon Overview and Level Annotations

Branches:
Dungeon (15/15)            Temple (1/1) D:5            Lair (5/5) D:9
 Shoals (4/4) Lair:3        Snake (1/4) Lair:3        Slime (0/5) Lair:4
    Orc (2/2) D:11            Elf (0/3) Orc:2        Vaults (0/5) D:13
 Depths (0/4) D:15        Ossuary (visited)           IceCv (visited)

Altars:
Ashenzari
Cheibriados
Dithmenos
Elyvilon
Fedhas
Gozag
Hepliaklqana
Kikubaaqudgha
Makhleb
Nemelex Xobeh
Okawaru
Qazlal
Ru
Sif Muna
Trog
Uskayaw
Vehumet
Wu Jian
Xom
Yredelemnul
Zin
The Shining One

Shops:
D:5 *!*   D:6 [   D:7 *   D:13 *   Orc:1 *[([   Orc:2 :(!:   Shoals:2 [
Shoals:3 [

Annotations:
D:8 3 runed translucent doors, DivineBovine's ghost, novice DEFE
Lair:4 1 runed translucent door
Snake:1 Aizul; Asterion; Azrael


Innate Abilities, Weirdness & Mutations

You are immune to sickness and miasma.
Your stone body is resilient. (AC +13)
You are immune to poison.
Your large and strong wings let you fly.
You resist negative energy. (rN+)
You are resistant to electric shocks. (rElec)
You are resistant to unholy torment.
You are immune to petrification.


Message History

You are too injured to fight recklessly!
You are too injured to fight recklessly!
You are too injured to fight recklessly!
You are too injured to fight recklessly!
You are too injured to fight recklessly!
You are too injured to fight recklessly!
You are too injured to fight recklessly!
As you read the scroll of teleportation, it crumbles to dust.
You feel strangely unstable.
Aizul's magic is no longer disrupted.
Asterion hits you with a +5 spectral demon blade!
You block the +5 spectral demon blade's attack.
Asterion misses you. The fire elemental hits you. The fire elemental burns you!
You block Azrael's attack. You block the salamander's attack.
The fire elemental barely misses you.
Asterion hits you with a +5 spectral demon blade!
* * * LOW HITPOINT WARNING * * *
The +5 spectral demon blade hits you.
* * * LOW HITPOINT WARNING * * *
Asterion gores you but does no damage. Aizul hits you but does no damage.
The fire elemental hits you.
Unknown command.
Unknown command.
Unknown command.
As you read the scroll of fear, it crumbles to dust.
You assume a fearsome visage.
The +5 spectral demon blade is unaffected.
Asterion resists with almost no effort.
Aizul resists with almost no effort.
Azrael looks frightened!
The fire elemental is unaffected. x3
The hell hound looks frightened!
The fire elemental is unaffected.
The naga sharpshooter easily resists.
The naga ritualist looks frightened!
The black mamba looks frightened!
The salamander looks frightened!
The naga mage looks frightened!
Asterion hits you with a +5 spectral demon blade!!
* * * LOW HITPOINT WARNING * * *
You block the +5 spectral demon blade's attack.
Asterion gores you but does no damage. You block the fire elemental's attack.
The fire elemental hits you. The fire elemental burns you!
* * * LOW HITPOINT WARNING * * *
Aizul hits you.
You die...

........... #..........
#..........
####.....N....
............. #.R.○ENNS#
#..ESEh..###
..####.)@H..N...
#.......(E####..
#.........##
..!.......### #.
#...........#
...#.###.........).#
#.....#....._......###
#.#....#......#.#...#.#
#.............#.........


You could see Aizul (slow), Asterion (fast), Azrael (fleeing), a naga
sharpshooter, a salamander (fleeing), a naga ritualist (fleeing), a black mamba
(curare, fleeing), a naga mage (fast, fleeing), 4 fire elementals, a hell hound
(fleeing) and a +5 spectral demon blade.

Vanquished Creatures
  Jorgrun (Orc:2)
  Gastronok (Lair:1)
  A storm dragon (Shoals:4)
  Roxanne (D:15)
  Louise (Shoals:4)
  The ghost of Xiotatis the Severer, a journeyman MiBe of Trog (Orc:1)
  An ironbound preserver (D:13)
  3 reapers (D:14)
  2 dire elephants
  A deep elf death mage (D:14)
  7 merfolk javelineers
  Josephine (D:11)
  12 merfolk impalers
  Fannar (D:11)
  Erolcha (Orc:2)
  8 hydras
  2 ogre magi (Orc:2)
  Harold (D:11)
  An anaconda (Snake:1)
  2 merfolk avatars
  11 centaur warriors
  Erica (Orc:1)
  A deep troll shaman (Lair:5)
  9 two-headed ogres
  4 boulder beetles
  5 catoblepae
  5 merfolk aquamancers
  A naga warrior (Snake:1)
  A satyr (Shoals:2)
  10 death yaks
  2 naga sharpshooters (Snake:1)
  2 shock serpents (Snake:1)
  An orc high priest (Orc:1)
  3 soul eaters (D:14)
  Nergalle (D:10)
  Amaemon (D:10)
  A shadow wraith (D:14)
  8 skeletal warriors
  3 skysharks (Shoals:3)
  A fire crab (Shoals:3)
  A glowing orange brain (D:15)
  9 sea snakes
  3 flayed ghosts (D:14)
  A naga ritualist (Snake:1)
  A lindwurm (Lair:4)
  A wolf spider zombie (D:14)
  A wizard (D:15)
  5 necromancers (D:14)
  2 deep elf pyromancers
  13 ugly things
  2 wolf spiders (Lair:2)
  8 fauns
  An orc knight (Orc:2)
  14 harpies
  9 orc sorcerers (Orc:2)
  21 manticores
  A mana viper (Snake:1)
  3 salamanders
  11 cyclopes
  4 spectral centaurs (D:14)
  7 merfolk sirens
  20 black mambas
  An orange demon (D:10)
  Joseph (Lair:1)
  3 ice statues (IceCv)
  13 elephants
  5 water nymphs
  2 gargoyles
  2 naga magi (Snake:1)
  8 centaur skeletons (D:14)
  Psyche (D:11)
  A torpor snail (Lair:3)
  Maggie (D:10)
  6 unseen horrors
  An unseen horror (shapeshifter) (D:15)
  A spectral redback (D:14)
  11 cane toads
  2 tengu conjurers (D:15)
  2 freezing wraiths
  11 komodo dragons
  A tormentor (D:14)
  An efreet (D:15)
  7 rime drakes
  37 merfolk
  A queen bee (Lair:4)
  10 trolls
  3 meliai (Lair:4)
  8 wind drakes
  A harpy zombie (D:14)
  4 polar bears
  2 hornets (D:10)
  8 snapping turtles
  A dream sheep (shapeshifter) (D:15)
  9 blink frogs
  8 dream sheep
  Sigmund (D:2)
  3 slime creatures
  8 air elementals (Shoals:4)
  8 centaur simulacra (D:14)
  6 shadows
  6 wraiths
  46 yaks
  2 fire bats (Shoals:3)
  22 water elementals
  7 wyverns
  7 basilisks
  7 vampire mosquitoes
  A steam dragon (D:8)
  4 acid dragons
  A harpy simulacrum (IceCv)
  2 wargs
  Edmund (D:4)
  4 nagas (Snake:1)
  2 hydra simulacra (IceCv)
  Duvessa (D:7)
  19 water moccasins
  A hell hound (Snake:1)
  A meliai simulacrum (D:14)
  3 ice beasts
  4 black bears
  A black bear (shapeshifter) (D:15)
  12 orc warriors
  10 ogres
  25 wolves
  4 centaurs
  A phantom (D:6)
  An elf zombie (Ossuary)
  2 gnoll sergeants (D:11)
  A kobold brigand (D:6)
  12 bullfrogs
  A scorpion (D:7)
  A cane toad simulacrum (IceCv)
  8 wights
  Dowan (D:7)
  39 killer bees
  2 elephant simulacra (IceCv)
  8 howler monkeys
  3 centaur zombies
  2 electric eels
  A jelly (D:5)
  6 orc priests
  2 hounds
  A sleepcap (D:7)
  A boggart zombie (D:14)
  Ijyb (D:4)
  Natasha (D:3)
  An iguana (D:4)
  34 orc wizards
  2 wolf simulacra
  3 ogre zombies (Ossuary)
  7 mummies (Ossuary)
  9 adders
  A shadow imp (D:5)
  A white imp (D:6)
  3 adder zombies (Ossuary)
  4 worms (D:2)
  2 dart slugs
  70 orcs
  4 bats
  10 endoplasms
  4 goblins
  4 hobgoblins
  8 jackals
  A quokka (D:3)
  8 ball pythons
  A frilled lizard (D:1)
  A gnoll zombie (Ossuary)
  4 goblin zombies (Ossuary)
  6 hobgoblin zombies (Ossuary)
  8 kobolds
  4 kobold zombies (Ossuary)
  4 quokka zombies (Ossuary)
  7 rats
  2 rat zombies (Ossuary)
958 creatures vanquished.

Vanquished Creatures (others)
  A wizard (D:15)
  2 necromancers (D:14)
  A kobold demonologist (D:11)
  4 orc wizards (Orc:2)
  An orc (Orc:2)
9 creatures vanquished.

Grand Total: 967 creatures vanquished

Notes
Turn   | Place    | Note
-------+----------+-------------------------------------------
     0 | D:1      | arthad the Gargoyle Fighter began the quest for the Orb.
     0 | D:1      | Reached XP level 1. HP: 14/14 MP: 1/1
    66 | D:1      | Reached XP level 2. HP: 10/19 MP: 2/2
   867 | D:2      | Reached XP level 3. HP: 18/23 MP: 3/3
  1219 | D:2      | Noticed Sigmund
  1228 | D:2      | Killed Sigmund
  1229 | D:2      | Reached skill level 4 in Fighting
  1229 | D:2      | Reached XP level 4. HP: 23/30 MP: 4/4
  1229 | D:2      | Reached XP level 5. HP: 26/34 MP: 5/5
  1421 | D:2      | Reached XP level 6. HP: 37/39 MP: 6/6
  2115 | D:3      | Noticed Natasha
  2121 | D:3      | Killed Natasha
  2401 | D:4      | Noticed Edmund
  2410 | D:4      | Killed Edmund
  2411 | D:4      | Reached skill level 5 in Fighting
  2411 | D:4      | Reached skill level 5 in Armour
  2411 | D:4      | Reached skill level 5 in Shields
  2411 | D:4      | Reached XP level 7. HP: 25/44 MP: 7/7
  2964 | D:4      | Noticed Ijyb
  2966 | D:4      | Killed Ijyb
  3021 | D:5      | Entered Level 5 of the Dungeon
  3095 | D:5      | Found a staircase to the Ecumenical Temple.
  3211 | D:5      | Noticed a wyvern
  3215 | D:5      | Killed a wyvern
  3320 | D:5      | Reached skill level 6 in Fighting
  3320 | D:5      | Reached XP level 8. HP: 51/51 MP: 8/8
  3354 | D:5      | Reached skill level 5 in Maces & Flails
  3523 | D:5      | Found Ygu Giyl's Distillery.
  3531 | D:5      | Bought a potion of heal wounds for 70 gold pieces
  3531 | D:5      | Bought a potion of heal wounds for 70 gold pieces
  3561 | D:5      | Found Vedwer's Assorted Antiques.
  4002 | D:5      | Found Poosun's General Store.
  4167 | D:6      | Noticed a yak
  4169 | D:6      | Noticed a yak
  4169 | D:6      | Noticed a yak
  4171 | D:6      | Noticed a yak
  4176 | D:6      | Killed a yak
  4185 | D:6      | Killed a yak
  4186 | D:6      | Reached skill level 7 in Fighting
  4193 | D:6      | Killed a yak
  4194 | D:6      | Reached XP level 9. HP: 42/57 MP: 9/9
  4362 | D:6      | Identified the ring of Reimbursement {rC- Int+5 Dex+2
                  | Slay+4}
  4412 | D:6      | Reached skill level 8 in Fighting
  4470 | D:6      | Identified the +3 quarterstaff "Impifel" {heavy, Fragile
                  | rF++}
  4500 | D:6      | Found Bezav's Armour Emporium.
  4739 | D:7      | Found Guirip's Assorted Antiques.
  4745 | D:7      | Bought a brightly glowing chain mail for 237 gold pieces
  4745 | D:7      | Identified the +6 chain mail of Lethargy {rPois rCorr} (You
                  | bought it in a shop on level 7 of the Dungeon)
  4871 | D:7      | Found an ornate altar of the Wu Jian Council.
  4920 | D:7      | Noticed Duvessa
  4935 | D:7      | Killed Duvessa
  4936 | D:7      | Noticed Dowan
  4958 | D:7      | Killed Dowan
  4977 | D:7      | Learned a level 2 spell: Blink
  4980 | D:7      | Learned a level 2 spell: Momentum Strike
  5661 | D:8      | Noticed a two-headed ogre
  5669 | D:8      | Killed a two-headed ogre
  5670 | D:8      | Reached skill level 9 in Fighting
  5670 | D:8      | Reached XP level 10. HP: 54/66 MP: 10/10
  5736 | D:8      | Found a bloodstained altar of Trog.
  5895 | D:8      | Identified a scroll of acquirement
  5895 | D:8      | Acquired 1041 gold pieces
  5991 | D:8      | Found a sand-covered staircase.
  6021 | Ossuary  | Entered an ossuary
  6619 | D:8      | Found a runed translucent gate.
  6620 | D:8      | Found a runed translucent gate.
  6621 | D:8      | Found a runed translucent gate.
  6621 | D:8      | Noticed an 11-headed hydra
  6622 | D:8      | Noticed DivineBovine's ghost (novice DEFE)
  6905 | D:5      | Bought a fuming red potion for 20 gold pieces
  6972 | D:7      | Bought a dented diamond amulet for 125 gold pieces
  6972 | D:7      | Bought a dark potion for 22 gold pieces
  6972 | D:7      | Bought a potion of heal wounds for 125 gold pieces
  6992 | D:7      | Acquired the +5 demon whip "Spellbinder" {antimagic,
                  | disrupt, Will+}
  6992 | D:7      | Found the +5 demon whip "Spellbinder" {antimagic, disrupt,
                  | Will+}
  7165 | D:9      | Reached skill level 10 in Fighting
  7615 | Temple   | Entered the Ecumenical Temple
  7794 | Temple   | Became a worshipper of Warmaster Okawaru
  7960 | D:9      | Found a stormy altar of Qazlal.
  8248 | D:9      | Found a staircase to the Lair.
  8286 | D:9      | Found a sacrificial altar of Ru.
  8360 | D:10     | Entered Level 10 of the Dungeon
  8505 | D:10     | Noticed Amaemon
  8506 | D:10     | Noticed an orange demon
  8524 | D:10     | Killed Amaemon
  8524 | D:10     | Reached * piety under Okawaru
  8524 | D:10     | Noticed Nergalle
  8525 | D:10     | Reached XP level 11. HP: 46/73 MP: 3/11
  8542 | D:10     | Killed Nergalle
  8542 | D:10     | Reached ** piety under Okawaru
  8543 | D:10     | Reached skill level 11 in Fighting
  8656 | D:10     | Reached skill level 10 in Maces & Flails
  8906 | D:10     | Reached skill level 1 in Invocations
  8957 | D:10     | Noticed Maggie
  8962 | D:10     | Killed Maggie
  9162 | D:10     | Noticed a two-headed ogre
  9169 | D:10     | Killed a two-headed ogre
  9169 | D:10     | Reached *** piety under Okawaru
  9224 | D:11     | Noticed Josephine
  9237 | D:11     | Killed Josephine
  9258 | D:11     | Found a staircase to the Orcish Mines.
  9263 | D:11     | Noticed a cyclops
  9269 | D:11     | Killed a cyclops
  9269 | D:11     | Reached **** piety under Okawaru
  9278 | D:11     | Noticed a two-headed ogre
  9292 | D:11     | Killed a two-headed ogre
  9297 | D:11     | Noticed Psyche
  9444 | D:11     | Killed Psyche
  9454 | D:11     | Reached skill level 12 in Fighting
  9536 | D:11     | Noticed Fannar
  9543 | D:11     | Killed Fannar
  9543 | D:11     | Reached ***** piety under Okawaru
  9544 | D:11     | Reached XP level 12. HP: 78/81 MP: 4/14
  9571 | D:11     | Noticed a two-headed ogre
  9574 | D:11     | Noticed a two-headed ogre
  9580 | D:11     | Killed a two-headed ogre
  9587 | D:11     | Killed a two-headed ogre
  9590 | D:11     | Noticed Harold
  9622 | D:11     | Killed Harold
  9631 | D:11     | Noticed a boulder beetle
  9640 | D:11     | Noticed a two-headed ogre
  9643 | D:11     | Killed a boulder beetle
  9643 | D:11     | Identified the +1 great mace "Zoof Biare" {speed, Will+
                  | MP-9 Dex+4 SInv} (Okawaru gifted it to you on level 11 of
                  | the Dungeon)
  9643 | D:11     | Received a gift from Okawaru
  9697 | D:11     | Reached skill level 10 in Armour
  9703 | D:11     | Reached ****** piety under Okawaru
  9704 | D:11     | Reached skill level 13 in Fighting
  9707 | D:11     | Reached skill level 10 in Shields
 10257 | D:11     | Reached skill level 5 in Invocations
 10553 | D:11     | Noticed a boulder beetle
 10574 | D:11     | Killed a boulder beetle
 10728 | D:11     | Killed a two-headed ogre
 10729 | D:11     | Reached XP level 13. HP: 76/88 MP: 5/17
 10904 | D:12     | Identified the +4 plate armour of Dishonour {Drain rN+
                  | Will+ Int+5} (Okawaru gifted it to you on level 12 of the
                  | Dungeon)
 10904 | D:12     | Received a gift from Okawaru
 11410 | D:13     | Reached skill level 14 in Fighting
 11731 | D:13     | Reached skill level 1 in Dodging
 11866 | D:13     | Noticed an ironbound preserver
 11867 | D:13     | Found a gate to the Vaults.
 11882 | D:13     | Killed an ironbound preserver
 12167 | D:13     | Found Cazuqofep's Assorted Antiques.
 12344 | D:13     | Identified the +3 flail of Doom {flame, Str+4} (Okawaru
                  | gifted it to you on level 13 of the Dungeon)
 12344 | D:13     | Received a gift from Okawaru
 12350 | D:13     | Bought a potion of curing for 105 gold pieces
 12795 | D:14     | Reached skill level 15 in Fighting
 12804 | D:14     | Gained mutation: Your large and strong wings let you fly.
                  | [Gargoyle growth]
 12804 | D:14     | Reached XP level 14. HP: 86/98 MP: 6/19
 12933 | D:14     | Identified the +2 pair of boots "Daoga" {Int+2} (Okawaru
                  | gifted it to you on level 14 of the Dungeon)
 12933 | D:14     | Received a gift from Okawaru
 13277 | D:14     | Found an ancient bone altar of Kikubaaqudgha.
 13277 | D:14     | Noticed a reaper
 13306 | D:14     | Killed a reaper
 13997 | D:14     | Reached skill level 16 in Fighting
 14176 | D:14     | Noticed a reaper
 14200 | D:14     | Killed a reaper
 14582 | D:14     | Noticed a reaper
 14595 | D:14     | Identified the +0 robe of the Tarantula {rC+ Dex+2 Stlth-}
                  | (Okawaru gifted it to you on level 14 of the Dungeon)
 14595 | D:14     | Received a gift from Okawaru
 14603 | D:14     | Killed a reaper
 14618 | D:14     | Identified the +3 shortbow of Ash {flame, Int+3}
 14623 | D:14     | Identified the +6 shortbow "Jopioph" {drain, rElec rF-
                  | Stlth+}
 15035 | D:14     | Reached XP level 15. HP: 100/105 MP: 7/21
 15174 | D:15     | Entered Level 15 of the Dungeon
 15252 | D:15     | Reached skill level 5 in Dodging
 15339 | D:15     | Found a staircase to the Depths.
 15755 | D:15     | Noticed Roxanne
 15784 | D:15     | Killed Roxanne
 16036 | D:15     | Reached skill level 17 in Fighting
 16081 | D:15     | Identified the +2 hat of the Enchanted Forest {rN+ Regen+
                  | Stlth+} (Okawaru gifted it to you on level 15 of the
                  | Dungeon)
 16081 | D:15     | Received a gift from Okawaru
 16638 | Lair:1   | Entered Level 1 of the Lair of Beasts
 16704 | Lair:1   | Noticed Gastronok
 16720 | Lair:1   | Killed Gastronok
 16831 | Lair:1   | Noticed Joseph
 16850 | Lair:1   | Killed Joseph
 17721 | Lair:2   | Found a frozen archway.
 17734 | IceCv    | Entered an ice cave
 17923 | IceCv    | Identified a ring of Qamam {rN+ Will+ Int+3}
 18065 | Lair:2   | You are sucked into a shaft and drop 2 floors!
 18102 | Lair:2   | Identified the +5 sling of the Lame Duck {elec, rPois rC+
                  | Str+3}
 18704 | Lair:3   | Reached skill level 10 in Invocations
 18799 | Lair:3   | Found a staircase to the Snake Pit.
 18873 | Lair:3   | Reached XP level 16. HP: 114/114 MP: 1/23
 19289 | Lair:3   | Identified the +5 rapier of Cruel Justice {flame, Drain
                  | rCorr Dex+2} (Okawaru gifted it to you on level 3 of the
                  | Lair of Beasts)
 19289 | Lair:3   | Received a gift from Okawaru
 19536 | Lair:3   | Reached skill level 18 in Fighting
 19921 | Lair:3   | Found a staircase to the Shoals.
 20219 | Lair:4   | Found a runed translucent door.
 21121 | Lair:4   | Identified the +9 falchion of Dissatisfaction {distort,
                  | MP+9 SInv}
 21659 | Lair:4   | Identified the +5 morningstar of Luxury {holy, Will++}
                  | (Okawaru gifted it to you on level 4 of the Lair of Beasts)
 21659 | Lair:4   | Received a gift from Okawaru
 22010 | Lair:4   | Found a staircase to the Slime Pits.
 22062 | Lair:5   | Entered Level 5 of the Lair of Beasts
 23173 | Lair:5   | Received a gift from Okawaru
 23430 | Lair:5   | Identified the staff "Weymel" {rC+ Int+4 Ice}
 23935 | Orc:1    | Entered Level 1 of the Orcish Mines
 24035 | Orc:1    | Found Ajuaviot's Antique Armour Emporium.
 24044 | Orc:1    | Bought a glowing buckler for 262 gold pieces
 24044 | Orc:1    | Bought an ichor-stained chain mail for 332 gold pieces
 24044 | Orc:1    | Identified the +8 chain mail of the Cockroach {rF- Dex+6
                  | Slay+2} (You bought it in a shop on level 1 of the Orcish
                  | Mines)
 24052 | Orc:1    | Noticed Erica
 24066 | Orc:1    | Killed Erica
 24067 | Orc:1    | Reached skill level 19 in Fighting
 24163 | Orc:1    | Found a runed translucent gate.
 24163 | Orc:1    | Found a runed translucent gate.
 24163 | Orc:1    | Found a runed translucent gate.
 24193 | Orc:1    | Noticed Xiotatis's ghost (journeyman MiBe)
 24355 | Orc:1    | Found Xaptar's Antique Armour Boutique.
 24462 | Orc:1    | Found a transporter.
 24471 | Orc:1    | Found Dus Gaal's Weapon Shoppe.
 24474 | Orc:1    | Found a transporter.
 24659 | Orc:1    | Found Meenn's Assorted Antiques.
 24718 | Orc:1    | Bought a peridot ring for 145 gold pieces
 24838 | Orc:1    | Killed Xiotatis's ghost
 24995 | Orc:2    | Entered Level 2 of the Orcish Mines
 24996 | Orc:2    | Noticed Jorgrun
 25000 | Orc:2    | Noticed Erolcha
 25013 | Orc:2    | Killed Jorgrun
 25014 | Orc:2    | Reached XP level 17. HP: 122/122 MP: 1/25
 25072 | Orc:2    | Received a gift from Okawaru
 25087 | Orc:2    | Killed Erolcha
 25238 | Orc:2    | Found a staircase to the Elven Halls.
 25760 | Orc:2    | Found Xonayghau's Distillery.
 25767 | Orc:2    | Bought a potion of heal wounds for 65 gold pieces
 25767 | Orc:2    | Bought a potion of heal wounds for 65 gold pieces
 25784 | Orc:2    | Found an ancient bone altar of Kikubaaqudgha.
 25835 | Orc:2    | Found a radiant altar of Vehumet.
 25933 | Orc:2    | Found Foro's Book Emporium.
 25935 | Orc:2    | Found Zereifao's Book Shoppe.
 26027 | Orc:2    | Found Mitotweacs's Antique Weapon Emporium.
 26324 | Shoals:1 | Entered Level 1 of the Shoals
 27190 | Shoals:1 | Received a gift from Okawaru
 28399 | Shoals:2 | Found Alyav's Armour Shop.
 29450 | Shoals:3 | Identified the +10 eveningstar "Dazu" {heavy, rN++ Int-4}
                  | (Okawaru gifted it to you on level 3 of the Shoals)
 29450 | Shoals:3 | Received a gift from Okawaru
 29824 | Shoals:3 | Reached skill level 20 in Fighting
 30223 | Shoals:3 | Reached skill level 15 in Armour
 30461 | Shoals:3 | Found Ciepp's Antique Armour Shop.
 30870 | Shoals:4 | Entered Level 4 of the Shoals
 30870 | Shoals:4 | Found a burning altar of Makhleb.
 30999 | Shoals:4 | Found a hazy altar of Hepliaklqana.
 31063 | Shoals:4 | Paralysed by an air elemental for 1 turns
 31074 | Shoals:4 | Received a gift from Okawaru
 31261 | Shoals:4 | Paralysed by an air elemental for 1 turns
 31266 | Shoals:4 | Paralysed by an air elemental for 1 turns
 31276 | Shoals:4 | Reached XP level 18. HP: 129/129 MP: 5/27
 31786 | Shoals:4 | Reached skill level 15 in Shields
 31991 | Shoals:4 | Identified the +1 great sword of Wu Jian, Dripping {holy,
                  | Dex+5 SInv}
 32000 | Shoals:4 | Got Simple Thaumaturgy
 32002 | Shoals:4 | Got a barnacled rune of Zot
 32707 | Shoals:4 | Noticed Louise
 32727 | Shoals:4 | Killed Louise
 32737 | Shoals:4 | Reached skill level 10 in Dodging
 32964 | Snake:1  | Entered Level 1 of the Snake Pit
 33139 | Snake:1  | Identified the +13 crystal plate armour of Cocytus {rF+ rC-
                  | rCorr Str+2} (Okawaru gifted it to you on level 1 of the
                  | Snake Pit)
 33139 | Snake:1  | Received a gift from Okawaru
 33295 | Snake:1  | Found an iron altar of Okawaru.
 33403 | Snake:1  | Noticed Aizul
 33403 | Snake:1  | Noticed Azrael
 33406 | Snake:1  | Noticed Asterion
 33425 | Snake:1  | HP: 4/131 [fire elemental[Azrael] (6)]
 33425 | Snake:1  | Slain by Aizul

Illustrated notes

Levels and vault maps discovered:
D:1:      matt_arrival_grand_opening, layout_basic
D:2:      layout_loops_corners, uniq_sigmund
D:3:      layout_basic, uniq_natasha
D:4:      layout_basic, uniq_ijyb, uniq_edmund
D:5:      layout_basic, minmay_temple_entry_from_below_b, serial_shops,
          nicolae_shop_peninsula, nicolae_stop_n_shop_2,
          nicolae_shop_real_fake_doors, eino_curves_02
D:6:      layout_basic, serial_shops, kennysheep_mini
D:7:      layout_basic, general_overflow_altar, serial_shops, shop,
          corexii_hall_statues_u, uniq_duvessa
D:8:      layout_rooms, mainiacjoe_overflow_six_doors_small,
          gammafunk_ghost_hydra_chop, nicolae_ossuary_entry_ruins
D:9:      layout_loops_ring, nicolae_qazlal_general_emergency,
          nicolae_ru_the_path_less_chosen, grunt_lair_entry_orc_guard_hut
D:10:     layout_loops_ring, kennysheep_generic_room_3, uniq_nergalle,
          uniq_maggie, uniq_amaemon
D:11:     minmay_imperfect_grid, layout_long_grid, kennysheep_small_square,
          uniq_josephine, uniq_fannar, uniq_psyche, uniq_harold
D:12:     layout_loops_cross, minivault_22
D:13:     layout_irregular_city, skrybe_vaults_entry_preservation,
          kennysheep_windowed_goal
D:14:     evilmike_negative_zone, layout_loops_ring, kennysheep_cross_room,
          minmay_circle_x
D:15:     hangedman_depths_entry_try_elsewhere_first, layout_cave_pools,
          nicolae_water_bricks, minmay_shattered_shrine, uniq_roxanne
Temple:   regret_index_temple_chain_breaker
Lair:1:   layout_hall_layers, uniq_joseph, uniq_gastronok
Lair:2:   layout_cave_pods, portal_ice_cave_entry_ice_simulacra,
          nicolae_lair_run_with_the_wolves
Lair:3:   layout_big_grid, minmay_shoals_entry_hut,
          minmay_snake_entry_six_corridors, nzn_sisyphean_effort,
          infiniplex_staircase_pool_2
Lair:4:   regret_index_tunnel_blossom, layout_hall_layers, slime_entry_2
Lair:5:   grunt_lair_end_beastmaster, layout_gridlike, grunt_megastairs_1
Shoals:1: layout_shoals
Shoals:2: layout_shoals, serial_shops, nicolae_square_shop,
          nicolae_shoals_mertower
Shoals:3: layout_shoals, serial_shops, nicolae_shop_tiny_real_fake_doors,
          hangedman_shoal_volcano
Shoals:4: shoals_end_hellmonk_storm_palace [storm_palace_center_ruins,
          storm_palace_corner_blocked, storm_palace_corner_pillars,
          storm_palace_corner_altar, storm_palace_corner_altar], uniq_louise
Snake:1:  layout_rooms, basic_altar, st_stairs_9, uniq_asterion, uniq_aizul,
          uniq_azrael
Orc:1:    layout_caves, serial_shops, nicolae_shop_advertising_works
          [nicolae_subvault_shop_adworks], shop, shop, nicolae_shop_drivethru,
          gammafunk_ghost_split, uniq_erica
Orc:2:    kennysheep_orc_mage_school, layout_caves, uniq_erolcha, uniq_jorgrun

Skill      XL: |  1  2  3  4  5  6  7  8  9 10 11 12 13 14 15 16 17 18 |
---------------+-------------------------------------------------------+-----
Fighting       | 4 5 6 7 9 10 12 13 15 16 17 19 20 | 20.7
Maces & Flails | 3 4 6 8 9 11 12 | 12.7
Armour         | 4 5 6 7 8 9 10 11 12 13 14 15 | 15.5
Shields        | 4 5 6 7 8 9 10 11 12 13 14 15 | 15.2
Invocations    | 3 5 7 8 10 11 12 | 12.8
Dodging        | 2 4 6 7 9 10 | 10.2

Action                     |  1- 3 |  4- 6 |  7- 9 | 10-12 | 13-15 | 16-18 || total
---------------------------+-------+-------+-------+-------+-------+-------++-------
  Melee: Flail             |   102 |   105 |   250 |    30 |       |       ||   487
         Mace              |       |       |       |   101 |       |       ||   101
         Demon whip        |       |       |       |   348 |  1324 |  2028 ||  3700
  Throw: Dart              |       |       |    13 |     3 |     8 |       ||    24
 Invoke: Heroism           |       |       |       |       |     1 |     2 ||     3
         Finesse           |       |       |       |       |       |     1 ||     1
  Evoke: Wand              |       |     2 |     2 |     5 |     3 |       ||    12
    Use: Potion            |       |       |     2 |     2 |     1 |     1 ||     6
         Scroll            |       |       |       |    15 |    12 |     2 ||    29
   Stab: Petrified         |       |       |       |       |     5 |     6 ||    11
         Petrifying        |       |       |       |       |     2 |       ||     2
         Invisible         |       |       |       |       |     1 |       ||     1
 Armour: Scale mail        |    49 |    42 |    66 |       |       |       ||   157
         Ring mail         |       |       |    75 |       |       |       ||    75
         Chain mail        |       |       |    78 |   305 |   659 |   776 ||  1818
  Dodge: Dodged            |    41 |    40 |   108 |   155 |   494 |   965 ||  1803
  Block: Buckler           |    21 |    17 |    66 |   105 |   160 |       ||   369
         Kite shield       |       |       |       |       |   283 |  1008 ||  1291
         Reflection        |       |       |       |       |       |    14 ||    14

Table legend: (Time is in decaauts)
 A = Elapsed time spent in this place.
 B = Non-inter-level travel time spent in this place.
 C = Inter-level travel time spent in this place.
 D = Time resting spent in this place.
 E = Time spent auto-exploring this place.
 F = Levels seen in this place.
 G = Mean time per level.
                   A        B        C        D        E       F      G
               +--------+--------+--------+--------+--------+-----+--------+
         Total |  32007 |  30127 |   1880 |    872 |  23510 |  30 | 1066.9 |
       Dungeon |  15721 |  14538 |   1183 |    860 |  10726 |  15 | 1048.1 |
        Temple |    194 |    150 |     44 |      0 |    129 |   1 |  194.0 |
          Lair |   6730 |   6355 |    375 |      0 |   5395 |   5 | 1346.0 |
        Shoals |   6173 |   5993 |    180 |     12 |   4965 |   4 | 1543.2 |
     Snake Pit |    400 |    400 |      0 |      0 |    277 |   1 |  400.0 |
  Orcish Mines |   2100 |   2005 |     95 |      0 |   1693 |   2 | 1050.0 |
       Ossuary |    474 |    474 |      0 |      0 |    299 |   1 |  474.0 |
      Ice Cave |    211 |    211 |      0 |      0 |     25 |   1 |  211.0 |
               +--------+--------+--------+--------+--------+-----+--------+

Top non-repeatable levels by time:
    D:14: 2460 daAuts
Shoals:4: 1806 daAuts
  Lair:4: 1760 daAuts
  Lair:5: 1632 daAuts
  Lair:3: 1574 daAuts
Shoals:1: 1560 daAuts
    D:11: 1451 daAuts
Shoals:2: 1444 daAuts
Shoals:3: 1362 daAuts
    D:15: 1199 daAuts
     D:5: 1193 daAuts
     D:7: 1191 daAuts
     D:2: 1124 daAuts
    D:13: 1123 daAuts
   Orc:2: 1087 daAuts
